AoeStats
← the.rock.one

Oasis

509155620Analyzed
4v4 RM · 8d ago on Sep 25, 2026· 35m 23s· 8 players
Game mode
Random Map
Map size
Large (8 player)
Population
200
Speed
Normal
Resources
Standard
Victory
Conquest
Starting age
Dark Age
Ending age
Imperial Age
RankedLock teamsTeams togetherTeam positionsShared explorationLock speedFull tech treeHidden civsTurbo modeCheats
Victory
Defeat
🇺🇸 Khmer · United States
1240
+12
🇹🇼 Khmer · Taiwan
1138
+17
🇹🇼 Danes · Taiwan
1135
+17
🇯🇵 Ethiopians · Japan
1134
+16
🇩🇪 Japanese · Germany
1397
-24
🇩🇪 Vikings · Germany
1329
-21
🇩🇪 Hindustanis · Germany
1082
-13
🇩🇪 Turks · Germany
774
-4
Murschann
7:18 Loom
10:38 Feudal Age
12:53 Double-Bit Axe
14:05 Horse Collar
14:19 Gold Mining
14:53 Fletching
28:00 Castle Age
28:03 Crossbowman
28:49 Thumb Ring
29:06 Bow Saw
29:08 Bodkin Arrow
29:13 Padded Archer Armor
35:21 Leather Archer Armor
the.rock.one
13:11 Feudal Age
11:28 Loom
18:35 Castle Age
16:56 Double-Bit Axe
17:18 Stone Mining
18:14 Gold Mining
18:08 Horse Collar
27:48 Padded Archer Armor
31:26 Wheelbarrow
31:05 Bow Saw
32:45 Leather Archer Armor
32:21 Fletching
32:37 Heavy Plow
34:24 Bodkin Arrow
34:37 Scale Barding Armor
34:43 Forging
laggysnapy
6:09 Loom
9:45 Feudal Age
10:39 Double-Bit Axe
12:36 Town Watch
12:55 Gold Mining
13:34 Padded Archer Armor
14:31 Fletching
18:26 Horse Collar
23:49 Castle Age
24:29 Bodkin Arrow
24:49 Leather Archer Armor
24:40 Gold Mining
24:21 Crossbowman
25:51 Bow Saw
25:56 Pikeman
27:07 Scale Mail Armor
28:12 Heavy Plow
32:34 Squires
32:50 Chain Mail Armor
32:46 Forging
32:37 Arson
LaLoLo
11:29 Feudal Age
9:44 Loom
13:51 Double-Bit Axe
14:39 Bloodlines
20:03 Wheelbarrow
21:56 Scale Mail Armor
21:47 Fletching
26:17 Castle Age
25:25 Scale Barding Armor
27:21 Forging
27:56 Husbandry
31:01 Wheelbarrow
31:43 Chain Barding Armor
sj
11:04 Feudal Age
15:02 Castle Age
13:45 Double-Bit Axe
15:56 Scale Barding Armor
17:36 Bow Saw
18:35 Loom
19:27 Bloodlines
19:17 Husbandry
21:26 Chain Barding Armor
22:32 Horse Collar
27:42 Heavy Plow
32:23 Imperial Age
32:27 Heavy Scorpion
34:47 Conscription
35:27 Ballistics
36:08 Wheelbarrow
Papperation
8:29 Loom
11:13 Feudal Age
13:59 Double-Bit Axe
18:11 Fletching
20:56 Castle Age
22:57 Bodkin Arrow
23:21 Bow Saw
22:42 Elite Skirmisher
31:50 Horse Collar
33:05 Crossbowman
34:10 Crossbowman
椰子
9:41 Feudal Age
10:55 Man-at-Arms
11:38 Arson
17:51 Double-Bit Axe
21:56 Horse Collar
22:29 Fletching
25:58 Castle Age
27:20 Bodkin Arrow
28:40 Crossbowman
31:39 Elite Skirmisher
32:26 Padded Archer Armor
34:21 Bow Saw
鍾城堡
10:17 Feudal Age
13:12 Castle Age
11:27 Double-Bit Axe
11:26 Horse Collar
17:41 Scale Barding Armor
21:23 Chain Barding Armor
24:03 Gold Mining
24:46 Bloodlines
28:26 Wheelbarrow
30:08 Husbandry
30:50 Bow Saw
32:36 Forging
34:37 Heavy Plow
35:38 Gold Shaft Mining
Connection lost

Rejoining the realm…

Still unreachable

The connection could not be restored.

Session expired

The server has moved on; the page needs a fresh start.